 Dungeon Crawl Stone Soup version 0.28-a0-1594-ga885d4b3d6 (webtiles) character file.

Game seed: 2516707471010299211

102 freelancePsychic the Changer (level 4, 0/32 HPs)
             Began as a Merfolk Transmuter on Jan 20, 2022.
             Was a Follower of Elyvilon.
             Succumbed to an adder's poison
             ... on level 3 of the Dungeon.
             The game lasted 00:03:30 (2368 turns).

freelancePsychic the Changer (Merfolk Transmuter)   Turns: 2368, Time: 00:03:31

Health: 0/32       AC:  2    Str: 10    XL:     4   Next: 77%
Magic:  5/7        EV: 15    Int: 14    God:    Elyvilon [*.....]
Gold:   113        SH:  0    Dex: 14    Spells: 3/7 levels left

rFire   . . .      SeeInvis .     - Unarmed
rCold   . . .      Faith    .   (no shield)
rNeg    . . .      Spirit   .   a - +0 robe
rPois   .          Reflect  .   (no helmet)
rElec   .          Harm     .   (no cloak)
rCorr   .          Rampage  .   (no gloves)
Will    .....                   (boots currently unavailable)
Stlth   ++........              (no amulet)
HPRegen 0.10/turn               (no ring)
MPRegen 0.10/turn               (no ring)

@: lethally poisoned (0 -> -2), hasted, very quick
A: nimble swimmer 2, mertail
a: Renounce Religion, Purification


You were on level 3 of the Dungeon.
You worshipped Elyvilon.
Elyvilon was aware of your devotion.
You visited 1 branch of the dungeon, and saw 3 of its levels.

You collected 113 gold pieces.

Inventory:

Armour
 a - a +0 robe (worn)
Scrolls
 b - a scroll of teleportation {@r4}
 g - a scroll of holy word {unknown}
 h - a scroll of silence {unknown}
 m - a scroll of identify {@r1}
Potions
 c - a potion of mutation
 d - a potion of berserk rage {unknown}
 i - a potion of attraction {unknown}
 k - a potion of ambrosia {unknown}
 l - a potion of resistance {unknown}


   Skills:
 - Level 1.1 Fighting
 - Level 2.6 Dodging
 - Level 3.2 Unarmed Combat
 - Level 2.0 Spellcasting
 + Level 4.7 Transmutations
 + Level 3.0 Poison Magic
 - Level 1.0 Invocations


You had 3 spell levels left.
You knew the following spells:

 Your Spells              Type           Power      Damage    Failure   Level
a - Beastly Appendage     Tmut           28%        N/A       3%          1
b - Spider Form           Tmut/Pois      12%        N/A       14%         3

Your spell library contained the following spells:

 Spells                   Type           Power      Damage    Failure   Level
 Wereblood                Tmut           14%        N/A       4%          2
 Ice Form                 Ice/Tmut       8%         N/A       65%         4


Dungeon Overview and Level Annotations

Branches:
Dungeon (3/15)

Altars:
Elyvilon


Innate Abilities, Weirdness & Mutations

You are very nimble when in or above water. (Stealth+, EV+, Speed+++)
Your lower body shifts to a powerful aquatic tail in water.


Message History

The adder is heavily wounded.
The adder closely misses you.
You miss the adder. Your headbutt misses the adder.
You tail-slap the adder, but do no damage.
The adder is heavily wounded.
The adder bites you.
You closely miss the adder.
The adder is heavily wounded.
The adder bites you but does no damage.
You miss the adder.
You headbutt the adder, but do no damage.
The adder is heavily wounded.
The adder completely misses you. The adder misses you.
You hit the adder but do no damage. Your headbutt misses the adder.
The adder is heavily wounded.
The adder bites you.
* * * LOW HITPOINT WARNING * * *
You hit the adder.
The adder is almost dead.
The adder bites you.
* * * LOW HITPOINT WARNING * * *
You are lethally poisoned!
The adder poisons you!
You miss the adder. Your headbutt misses the adder.
The adder is almost dead.
* * * LOW HITPOINT WARNING * * *
You feel sick. The adder closely misses you.
You miss the adder.
Your tail-slap misses the adder.
The adder is almost dead.
* * * LOW HITPOINT WARNING * * *
You feel sick. The adder closely misses you.
It was a potion of haste.
You feel yourself speed up.
* * * LOW HITPOINT WARNING * * *
You feel sick. The adder completely misses you. The adder misses you.
You miss the adder. You headbutt the adder.
You kill the adder!
Your horns disappear.
Your Poison Magic skill increases to level 3!
It was a potion of lignification.
You feel woody for a moment.
You die...

#.....≈≈≈≈≈≈≈≈≈..##
##...#≈≈≈≈≈≈≈≈≈#..###
#...####≈≈≈≈≈##....#
#..#. #≈≈≈≈##.#...#
#.≈ #. #≈≈≈##.##≈..#
#.≈ ..#≈≈≈#.##≈≈..#
#.≈ .#####. #≈≈..##
..≈ .. . #≈≈...##
...≈ ## # #@≈....#
#≈≈≈≈≈.........#
#≈≈≈≈≈....##...#
#≈≈≈≈.....# ...#
#≈≈≈......# .#
#≈...#....# #
....###....# .###
#....#


There were no monsters in sight!

Vanquished Creatures
  A bullfrog skeleton (D:3)
  4 adders
  A worm (D:2)
  A dart slug (D:1)
  5 bats
  4 endoplasms
  A giant cockroach (D:1)
  3 goblins
  2 hobgoblins
  3 kobolds
  A quokka (D:1)
  4 ball pythons
  3 frilled lizards
  2 rats
35 creatures vanquished.

Notes
Turn   | Place    | Note
-------+----------+-------------------------------------------
     0 | D:1      | freelancePsychic the Merfolk Transmuter began the quest for
                  | the Orb.
     0 | D:1      | Reached XP level 1. HP: 15/15 MP: 3/3
    41 | D:1      | Reached skill level 3 in Transmutations
    63 | D:1      | Reached skill level 1 in Poison Magic
    63 | D:1      | Reached XP level 2. HP: 19/21 MP: 5/5
   557 | D:1      | Found a faded altar of an unknown god.
   889 | D:1      | Reached XP level 3. HP: 25/26 MP: 4/6
   893 | D:1      | Learned a level 3 spell: Spider Form
  1154 | D:2      | Found a white marble altar of Elyvilon.
  1236 | D:2      | Became a worshipper of Elyvilon the Healer
  1435 | D:2      | Reached skill level 4 in Transmutations
  1661 | D:2      | Reached * piety under Elyvilon
  1855 | D:3      | Reached skill level 1 in Invocations
  2166 | D:3      | Reached XP level 4. HP: 32/32 MP: 0/7
  2366 | D:3      | HP: 1/32 [poisoned by an adder]
  2368 | D:3      | Succumbed to an adder's poison

Illustrated notes

Levels and vault maps discovered:
D:1:      minmay_arrival_five_plusses, layout_basic,
          shapermc_ecumenical_altar_pompeii
D:2:      layout_basic, basic_altar
D:3:      layout_rooms, grunt_decor_junction

Skill      XL: |  1  2  3  4 |
---------------+-------------+-----
Transmutations | 3 4 |  4.7
Poison Magic   | 1 2 3 |  3.0
Invocations    | 1 |  1.0
Fighting       | |  1.1
Dodging        | |  2.6
Unarmed Combat | |  3.2
Spellcasting   | |  2.0

Action                   |  1- 3 |  4- 6 || total
-------------------------+-------+-------++-------
Melee: Unarmed           |   108 |    23 ||   131
       Headbutt          |     5 |     3 ||     8
       Punch             |     4 |     1 ||     5
       Tailslap          |     1 |     1 ||     2
 Cast: Beastly Appendage |     6 |     2 ||     8
       Spider Form       |     6 |     2 ||     8
  Use: Scroll            |     2 |       ||     2
       Potion            |       |     3 ||     3
 Stab: Sleeping          |     3 |       ||     3
Armor: Robe              |    17 |     4 ||    21
       Skin              |     2 |       ||     2
Dodge: Dodged            |    75 |    16 ||    91

Table legend: (Time is in decaauts)
 A = Elapsed time spent in this place.
 B = Non-inter-level travel time spent in this place.
 C = Inter-level travel time spent in this place.
 D = Time resting spent in this place.
 E = Time spent auto-exploring this place.
 F = Levels seen in this place.
 G = Mean time per level.
                   A        B        C        D        E       F      G
               +--------+--------+--------+--------+--------+-----+--------+
         Total |   2351 |   2286 |     65 |    209 |   1751 |   3 |  783.7 |
       Dungeon |   2351 |   2286 |     65 |    209 |   1751 |   3 |  783.7 |
               +--------+--------+--------+--------+--------+-----+--------+

Top non-repeatable levels by time:
     D:1: 1001 daAuts
     D:2: 779 daAuts
     D:3: 571 daAuts
